 Dungeon Crawl Stone Soup version 0.29-a0-723-gce39da1c22 (webtiles) character file.

Game seed: 10580755867353829733

39 buhh the Trooper (level 3, 0/39 HPs)
             Began as an Octopode Transmuter on June 28, 2022.
             Slain by a bat (1 damage)
             ... on level 1 of the Dungeon.
             The game lasted 00:01:43 (1260 turns).

buhh the Trooper (Octopode Transmuter)              Turns: 1260, Time: 00:01:44

Health: 0/39       AC: 21    Str:  9    XL:     3   Next: 45%
Magic:  6/6        EV: -1    Int: 17    God:
Gold:   16         SH:  0    Dex: 12    Spells: 5/6 levels left

rFire   . . .      SeeInvis .     - Unarmed
rCold   . . .      Faith    .   (no shield)
rNeg    . . .      Spirit   .   (helmet currently unavailable)
rPois   +          Reflect  .   (no amulet)
rElec   .          Harm     .   (no ring)
rCorr   .          Rampage  .   (no ring)
Will    .....      NoTele   +   (no ring)
Stlth   ++........              (no ring)
HPRegen 0.13/turn               (no ring)
MPRegen 0.10/turn               (no ring)
                                (no ring)
                                (no ring)

@: mighty, tree-form, constricted
A: stationary, stasis, torment immunity, boosted hp, almost no armour,
(amphibious), 8 rings, (camouflage 1), (gelatinous body 1), (nimble swimmer 1),
(tentacles)
a: no special abilities


You were on level 1 of the Dungeon.
You were a tree.
You visited 1 branch of the dungeon, and saw 2 of its levels.

You collected 16 gold pieces.

Inventory:

Missiles
 b - 4 poisoned darts
Scrolls
 c - a scroll of summoning {unknown}
 d - a scroll of enchant weapon {unknown}
Potions
 f - a potion of might


   Skills:
 + Level 3.1 Fighting
 - Level 2.0 Dodging
 - Level 1.0 Stealth
 - Level 3.0 Unarmed Combat
 - Level 2.0 Spellcasting
 - Level 2.0 Transmutations


You had 5 spell levels left.
You knew the following spells:

 Your Spells              Type           Power      Damage    Failure   Level
a - Beastly Appendage     Tmut           16%        N/A       9%          1

Your spell library contained the following spells:

 Spells                   Type           Power      Damage    Failure   Level
 Wereblood                Tmut           8%         N/A       13%         2
 Spider Form              Tmut/Pois      5%         N/A       36%         3
 Ice Form                 Ice/Tmut       5%         N/A       77%         4


Dungeon Overview and Level Annotations

Branches:
Dungeon (2/15) Zot: 10742

Altars:


Innate Abilities, Weirdness & Mutations

You are a tree.
Your roots penetrate the ground, keeping you stationary.
You cannot be teleported.
You are immune to unholy pain and torment.
Your maximum health is greatly increased.
You cannot wear most types of armour.
((You are amphibious.))
You can wear up to eight rings at the same time.
((Your skin changes colour to match your surroundings (Stealth+).))
((Your rubbery body absorbs attacks. (AC +1, EV +1)))
((You are camouflaged when in or above water. (Stealth+)))
((You have tentacles for arms and can constrict up to eight enemies at once.))


Message History

The ball python bites you but does no damage.
The adder bites you but does no damage.
The ball python bites you but does no damage. x2
The ball python constricts you.
You smack the adder!
You kill the adder!
You feel sick. The bat hits you but does no damage.
The ball python bites you but does no damage.
The ball python constricts you.
* * * LOW HITPOINT WARNING * * *
The ball python bites you but does no damage.
Your Fighting skill increases to level 3!
You hit the ball python.
The ball python is moderately wounded.
You feel sick.
You are no longer poisoned.
The bat hits you but does no damage. The ball python completely misses you.
The ball python constricts you.
* * * LOW HITPOINT WARNING * * *
The ball python bites you but does no damage.
It was a potion of might.
You feel very mighty all of a sudden.
f - a potion of might The bat hits you but does no damage.
The ball python bites you.
* * * LOW HITPOINT WARNING * * *
The ball python constricts you.
* * * LOW HITPOINT WARNING * * *
The ball python bites you but does no damage.
You barely miss the ball python. The bat hits you but does no damage.
The ball python bites you but does no damage. x2
The ball python constricts you.
You smack the ball python!
You kill the ball python!
The ball python bites you but does no damage.
The ball python constricts you. The bat hits you but does no damage.
The ball python bites you.
* * * LOW HITPOINT WARNING * * *
The ball python constricts you.
You barely miss the ball python. The bat hits you.
You die...

.# #....####.##............##.#
.# #....+.....................#
## #....####....#####.#...######
#......)...........+.........
#####.#.#.####...#######...#####.
......#.#..............[...# #.
#######.#..###.............# #.
#.#.......Sb######...# #.
##.##.###..♣.############ #.
#....)....†.............# #.
#####.###...###########.###.
#.......................
#####.#############.####
#.................#
###############.#.# #.#.# #.#.#


You could see a bat and a ball python.

Vanquished Creatures
  An adder (D:1)
  4 ball pythons (D:1)
  2 endoplasms (D:1)
  2 goblins (D:1)
  2 hobgoblins (D:1)
  2 quokkas (D:1)
  6 bats (D:1)
  A frilled lizard (D:1)
  5 kobolds (D:1)
  3 rats (D:1)
28 creatures vanquished.

Notes
Turn   | Place    | Note
-------+----------+-------------------------------------------
     0 | D:1      | buhh the Octopode Transmuter began the quest for the Orb.
     0 | D:1      | Reached XP level 1. HP: 13/13 MP: 3/3
   181 | D:1      | Reached XP level 2. HP: 14/19 MP: 3/5
   268 | D:1      | Found a faded altar of an unknown god.
   801 | D:1      | Reached XP level 3. HP: 23/25 MP: 4/6
  1257 | D:1      | HP: 1/39 [constriction (1)]
  1260 | D:1      | Slain by a bat

Illustrated notes

Levels and vault maps discovered:
D:1:      dreamdust_arrival_beginning_and_end, layout_basic,
          hellmonk_ecumenical_altar_blasted
D:2:      layout_rooms, serial_corexii_hall, chequers_hall_statues_wall_a,
          corexii_hall_statues_i, basic_altar, uniq_terence, uniq_robin

Skill      XL: |  1  2  3 |
---------------+----------+-----
Stealth        | 1 |  1.0
Fighting       | 2 3 |  3.1
Dodging        | |  2.0
Unarmed Combat | |  3.0
Spellcasting   | |  2.0
Transmutations | |  2.0

Action                   || total
-------------------------++-------
Melee: Unarmed           ||    71
       Tentacles         ||     9
       Constrict         ||    16
       Kick              ||    14
       Punch             ||     2
 Cast: Beastly Appendage ||    18
  Use: Potion            ||     2
 Stab: Sleeping          ||     7
Armor: Skin              ||    35
Dodge: Dodged            ||    60

Table legend: (Time is in decaauts)
 A = Elapsed time spent in this place.
 B = Non-inter-level travel time spent in this place.
 C = Inter-level travel time spent in this place.
 D = Time resting spent in this place.
 E = Time spent auto-exploring this place.
 F = Levels seen in this place.
 G = Mean time per level.
                   A        B        C        D        E       F      G
               +--------+--------+--------+--------+--------+-----+--------+
         Total |   1256 |   1219 |     37 |      0 |   1009 |   2 |  628.0 |
       Dungeon |   1256 |   1219 |     37 |      0 |   1009 |   2 |  628.0 |
               +--------+--------+--------+--------+--------+-----+--------+

Top non-repeatable levels by time:
     D:1: 1241 daAuts
     D:2: 15 daAuts
